Map: Frozen Temple

Players

SPARKEATER

  • Race: Terran Terran
  • League: Platinum

MarShall - Winner!

  • Race: Protoss Protoss

VOD

Have the link to the VOD?

Description

Time

  • Played on: July 13, 2016, 6:41 p.m.
  • Length: 11:54
Show
View Real Time Build Order
Export as new Build Order

SPARKEATER Terran 

Build Orders: MMM Bio 

Get SALT Encoding   

  12  0:00  SCV  
  13  0:12  SCV  
  14  0:20  Supply Depot  
  14  0:25  SCV  
  15  0:41  SCV  
  16  0:43  Barracks  
  16  0:48  Refinery  
  16  0:53  SCV  
  17  1:05  SCV  
  18  1:18  SCV  
  19  1:31  Orbital Command  
  19  1:32  Marine  
  20  1:41  Barracks  
  20  1:44  Barracks  
  20  1:58  Barracks Tech Lab  
  20  2:06  SCV, Supply Depot  
  21  2:18  SCV  
  22  2:25  Stimpack  
  22  2:28  Marauder  
  24  2:30  SCV  
  24  2:32  Refinery  
  24  2:35  Marine x2  
  27  2:42  SCV  
  28  2:45  Supply Depot  
  28  2:52  Marine x2  
  28  2:54  SCV  
  31  3:06  SCV  
  31  3:07  Engineering Bay  
  31  3:09  Marauder  
  31  3:10  Marine  
  35  3:19  SCV, Factory  
  36  3:31  SCV, Marauder  
  36  3:33  Supply Depot  
  39  3:56  Marine x2, Marauder  
  43  4:06  SCV, Missile Turret  
  44  4:11  Terran Infantry Weapons Level 1  
  44  4:14  Marine x2  
  46  4:19  Supply Depot  
  46  4:20  SCV  
  47  4:26  Concussive Shells  
  47  4:40  SCV, Marine x2, Widow Mine  
  47  4:41  Marauder  
  54  4:47  Starport  
  54  5:03  Marauder  
  52  5:08  Widow Mine  
  53  5:20  Marine  
  51  5:24  Marauder  
  51  5:37  Marine  
  51  5:41  Command Center  
  52  5:43  Medivac  
  54  5:54  Factory Reactor  
  54  5:55  Marine  
  55  6:00  Supply Depot  
  55  6:04  Supply Depot  
  55  6:05  Marine, Combat Shields  
  55  6:06  Marauder  
  58  6:13  Marine  
  58  6:14  Medivac  
  61  6:23  Marine  
  61  6:24  SCV  
  63  6:27  Marauder  
  63  6:31  Marine  
  66  6:41  Marine  
  67  6:49  Marauder  
  65  6:57  Marine  
  54  7:06  Marine  
  54  7:08  Orbital Command  
  54  7:10  Marauder  
  54  7:13  Command Center  
  53  7:27  Marine x2  
  53  7:28  Orbital Command  
  54  7:31  Marauder  
  54  7:32  Widow Mine  
  54  7:35  Barracks  
  54  7:36  Supply Depot  
  52  7:53  Marauder  
  54  7:59  SCV  
  54  8:02  SCV  
  54  8:14  Marauder  
  54  8:16  Marine  
  54  8:19  Bunker  
  52  8:35  Marauder  
  52  8:36  Orbital Command  
  50  8:45  Widow Mine x2  
  50  8:46  Planetary Fortress  
  53  8:54  Bunker  
  53  8:57  Marauder  
  53  8:58  Bunker  
  53  9:00  Medivac  
  57  9:02  Barracks Tech Lab  
  57  9:03  Marine, Barracks Tech Lab  
  57  9:04  SCV  
  57  9:09  Terran Infantry Armor Level 1  
  59  9:11  SCV  
  59  9:13  Widow Mine  
  62  9:18  Marauder  
  62  9:21  Missile Turret  
  56  9:40  SCV, Marauder  
  59  9:47  Orbital Command  
  59  9:53  SCV  
  59  9:56  Bunker  
  60  10:00  Supply Depot  
  60  10:03  Viking  
  60  10:05  SCV  
  63  10:15  Marine  
  63  10:16  Marauder x2  
  63  10:17  SCV  
  70  10:29  SCV  
  70  10:33  Marine  
  71  10:36  Command Center  
  71  10:41  SCV  
  66  11:15  Marine x2, Marauder x2  
  62  11:32  Marine  
  62  11:33  Marine  
Show
View Real Time Build Order
Export as new Build Order

MarShall Protoss - Winner!

Build Orders: 1 Gate Expand 

Get SALT Encoding   

  12  0:03  Probe (Chrono Boost)  
  13  0:13  Probe (Chrono Boost)  
  14  0:17  Pylon  
  14  0:24  Probe (Chrono Boost)  
  15  0:36  Probe (Chrono Boost)  
  15  0:37  Gateway  
  16  0:44  Assimilator  
  16  0:46  Probe (Chrono Boost)  
  18  0:57  Probe (Chrono Boost)  
  18  1:07  Probe (Chrono Boost)  
  19  1:24  Nexus  
  19  1:28  Probe (Chrono Boost)  
  20  1:39  Cybernetics Core  
  20  1:42  Probe (Chrono Boost)  
  21  1:48  Assimilator  
  21  1:53  Probe (Chrono Boost)  
  22  1:58  Pylon  
  22  2:03  Probe (Chrono Boost)  
  23  2:17  Mothership Core (Chrono Boost)  
  23  2:19  Adept, Warp Gate  
  27  2:35  Probe (Chrono Boost)  
  27  2:36  Robotics Facility  
  28  2:37  Probe (Chrono Boost)  
  29  2:46  Probe (Chrono Boost)  
  29  2:47  Adept  
  32  2:55  Probe (Chrono Boost)  
  32  2:56  Probe (Chrono Boost)  
  34  3:06  Probe (Chrono Boost)  
  34  3:07  Probe (Chrono Boost)  
  36  3:16  Probe (Chrono Boost)  
  36  3:18  Probe (Chrono Boost)  
  38  3:20  Observer  
  38  3:22  Gateway  
  38  3:24  Gateway  
  39  3:29  Pylon  
  39  3:31  Sentry  
  39  3:33  Probe (Chrono Boost)  
  43  3:34  Probe (Chrono Boost)  
  43  3:45  Probe (Chrono Boost)  
  43  3:46  Probe (Chrono Boost)  
  43  3:49  Pylon  
  43  3:51  Pylon  
  44  3:55  Probe (Chrono Boost)  
  44  3:58  Probe (Chrono Boost)  
  45  4:04  Pylon  
  45  4:11  Probe (Chrono Boost)  
  45  4:13  Twilight Council, Probe (Chrono Boost)  
  47  4:17  Immortal, Forge  
  51  4:31  Adept x2  
  51  4:32  Adept  
  51  4:33  Probe (Chrono Boost)  
  51  4:34  Probe (Chrono Boost)  
  59  4:41  Assimilator  
  59  4:43  Probe (Chrono Boost), Assimilator  
  61  4:46  Gateway, Probe (Chrono Boost)  
  61  4:51  Immortal  
  61  4:55  Probe (Chrono Boost)  
  65  5:07  Resonating Glaives  
  65  5:08  Adept  
  65  5:09  Adept x2  
  69  5:26  Protoss Ground Weapons Level 1  
  69  5:29  Gateway  
  69  5:31  Gateway  
  69  5:33  Immortal  
  71  5:38  Adept x3  
  77  5:50  Pylon  
  77  5:51  Pylon  
  77  6:14  Nexus  
  77  6:15  Pylon  
  77  6:16  Pylon  
  77  6:19  Immortal  
  77  6:20  Adept x2  
  85  6:34  Charge  
  85  6:39  Probe x2 (Chrono Boost)  
  87  6:41  Adept x2  
  87  6:46  Sentry  
  93  6:47  Sentry x2  
  93  6:51  Probe x2 (Chrono Boost)  
  93  7:05  Observer  
  93  7:07  Adept x3  
  93  7:15  Stalker  
  93  7:16  Stalker  
  97  7:28  Adept  
  97  7:29  Adept x2  
  100  7:34  Observer  
  99  7:42  Protoss Ground Armor Level 1  
  99  7:43  Probe (Chrono Boost)  
  101  7:44  Probe (Chrono Boost)  
  101  7:45  Probe (Chrono Boost)  
  101  7:49  Stalker  
  103  7:54  Probe (Chrono Boost)  
  103  7:57  Probe x2 (Chrono Boost)  
  104  8:03  Observer  
  104  8:04  Probe (Chrono Boost)  
  106  8:10  Adept x2  
  106  8:11  Adept x2  
  114  8:17  Probe (Chrono Boost)  
  114  8:19  Probe x2 (Chrono Boost)  
  117  8:47  Immortal  
  121  8:52  Probe (Chrono Boost)  
  121  8:54  Probe x2 (Chrono Boost)  
  124  9:03  Probe (Chrono Boost)  
  124  9:04  Pylon  
  124  9:07  Pylon  
  125  9:10  Pylon  
  125  9:18  Protoss Ground Weapons Level 2  
  125  9:21  Warp Prism  
  125  9:23  Pylon  
  127  9:24  Probe x2 (Chrono Boost)  
  127  9:25  Pylon  
  127  9:26  Blink  
  127  9:29  Assimilator  
  127  9:31  Assimilator  
  121  9:44  Zealot x2  
  121  9:45  Zealot x4, Probe x3 (Chrono Boost)  
  136  9:54  Gateway  
  136  9:55  Gateway  
  136  9:57  Probe (Chrono Boost)  
  136  9:58  Gateway  
  137  10:18  Adept  
  137  10:19  Adept x5  
  149  10:41  Nexus  
  149  10:44  Pylon  
  141  10:50  Zealot x3  
  141  10:51  Zealot x2  
  144  11:05  Zealot  
  146  11:15  Zealot x2  
  146  11:16  Zealot x3  
Tags
 
Composition
MMM Bio
League
Platinum
Matchup
PvT
Add a new tag
Caveats
  • Supply blocks, unpowered buildings, or Contaminate may cause inaccurate times.
  • Supply counts are checked every 10 seconds.